 Dungeon Crawl Stone Soup version 0.29-a0-317-gd16b76e6b1 (webtiles) character file.

Game seed: 597634438246450223

343016 Morbidden the Brawler (level 21, -26/261 HPs)
             Began as a Troll Conjurer on Mar 31, 2022.
             Was the Champion of Cheibriados.
             Killed by mirror damage (52 damage)
             ... on level 3 of the Vaults.
             The game lasted 01:46:03 (52318 turns).

Morbidden the Brawler (Troll Conjurer)             Turns: 52318, Time: 01:46:04

Health: -26/261    AC: 34    Str: 39    XL:     21   Next: 12%
Magic:  23/43      EV: 22    Int: 47    God:    Cheibriados [******]
Gold:   2973       SH:  5    Dex: 23    Spells: 8/41 levels left

rFire   . . .      SeeInvis +     - Unarmed
rCold   + . .      Faith    .   (no shield)
rNeg    + + +      Spirit   .   (body armour currently unavailable)
rPois   ∞          Reflect  +   i - +2 hat of the Guild-Master {Int+6}
rElec   +          Harm     .   W - +2 cloak {Stlth+}
rCorr   .          Rampage  .   (gloves unavailable)
Will    +....                   (boots unavailable)
Stlth   +++++.....              d - amulet "Xenkoy" {Reflect rN+ Str+3 Int+4 SH+5 Stlth+}
HPRegen 1.33/turn               E - ring of Awe {EV+4 SInv}
MPRegen 0.28/turn               k - ring "Quhuoj" {rPois rC+ rN+ MP+9}

@: statue-form, marked, very slightly contaminated, very slow
A: slow and powerful, torment resistance 1, boosted hp, large, unfitting armour,
claws 3, regeneration 1, (shaggy fur 1), (tough skin 1)
}: 2/15 runes: serpentine, barnacled
a: End Transformation, Renounce Religion, Bend Time, Temporal Distortion,
Slouch, Step From Time


You were on level 3 of the Vaults.
You worshipped Cheibriados.
Cheibriados was exalted by your worship.
You were a living statue of rough stone.
You visited 8 branches of the dungeon, and saw 37 of its levels.
You also visited: Gauntlet and Desolation.

You collected 5777 gold pieces.
You spent 2804 gold pieces at shops.

Inventory:

Missiles
 n - 24 javelins (quivered)
 z - 5 silver boomerangs
 H - 9 silver javelins
 I - 48 large rocks
 T - 30 boomerangs
Armour
 i - the +2 hat of the Guild-Master (worn) {Int+6}
   (You found it on level 6 of the Dungeon)

   Int:       It affects your intelligence (+6).
 o - +4 fire dragon scales {Xtahua}
 u - a +4 troll leather armour (melded)
 G - a +2 robe of cold resistance
 W - a +2 cloak of stealth (worn)
Jewellery
 d - the amulet "Xenkoy" (around neck) {Reflect rN+ Str+3 Int+4 SH+5 Stlth+}
   (You found it in a Gauntlet)

   [amulet of reflection]

   It reflects blocked missile attacks.
   Str:       It affects your strength (+3).
   Int:       It affects your intelligence (+4).
   rN:        It protects you from negative energy.
   SH:        It affects your SH (+5).
   Stlth:     It makes you more stealthy.
 f - the ring of the Hart {Fly rF+++ Str+5 Int-3 Dex-5}
   (You found it in the Desolation of Salt)

   [ring of flight]

   Str:       It affects your strength (+5).
   Int:       It affects your intelligence (-3).
   Dex:       It affects your dexterity (-5).
   rF:        It renders you almost immune to fire.
   Fly:       It grants you flight.
 k - the ring "Quhuoj" (right claw) {rPois rC+ rN+ MP+9}
   (You bought it in a shop on level 2 of the Snake Pit)

   [ring of magical power]

   rC:        It protects you from cold.
   rPois:     It protects you from poison.
   rN:        It protects you from negative energy.
   MP:        It affects your magic capacity (+9).
 t - the ring of Wehi {Wiz rF+ rC+}
   (You took it off a meliai on level 14 of the Dungeon)

   [ring of wizardry]

   It improves your spell success rate.
   rF:        It protects you from fire.
   rC:        It protects you from cold.
 E - the ring of Awe (left claw) {EV+4 SInv}
   (You found it on level 4 of the Shoals)

   [ring of evasion]

   EV:        It affects your evasion (+4).
   SInv:      It lets you see invisible.
 F - a ring of ice
 N - a ring of magical power
 P - a ring of resist corrosion
Wands
 l - a wand of mindburst (19)
 B - a wand of paralysis (3)
 J - a wand of iceblast (32)
 Q - a wand of digging (14)
 R - a wand of flame (10)
 U - a wand of acid (11)
Scrolls
 g - 3 scrolls of brand weapon
 h - 2 scrolls of amnesia
 j - 21 scrolls of teleportation
 m - 2 scrolls of magic mapping
 r - 21 scrolls of identify
 s - 3 scrolls of summoning
 v - 6 scrolls of fear
 x - 2 scrolls of silence
 y - 6 scrolls of fog
 D - 4 scrolls of enchant armour
 S - 3 scrolls of blinking
 V - 2 scrolls of enchant weapon
Potions
 a - 4 potions of lignification
 b - 3 potions of magic
 c - 12 potions of curing
 e - 3 potions of berserk rage
 p - 6 potions of flight
 q - 4 potions of resistance
 w - 5 potions of might
 A - 3 potions of brilliance
 K - 6 potions of cancellation
 L - 4 potions of ambrosia
 M - 2 potions of invisibility
 X - 11 potions of heal wounds
Miscellaneous
 C - a phantom mirror
 O - a lightning rod (4/4)
 Y - a box of beasts
 Z - a condenser vane


   Skills:
 * Level 10.9 Fighting
 + Level 1.4 Throwing
 + Level 2.8 Armour
 * Level 10.9 Dodging
 + Level 3.4 Stealth
 - Level 2.0 Shields
 * Level 17.8 Unarmed Combat
 * Level 10.8 Spellcasting
 + Level 8.5 Conjurations
 * Level 9.7 Translocations
 * Level 9.2 Transmutations
 * Level 5.1 Air Magic
 * Level 7.2 Earth Magic
 * Level 10.2 Invocations
 + Level 0.3 Evocations


You had 8 spell levels left.
You knew the following spells:

 Your Spells              Type           Power      Damage    Failure   Level
a - Airstrike             Air            32%        N/A       1%          4
b - Searing Ray           Conj           100%       2d8       1%          2
c - Irradiate             Conj/Tmut      41%        3d27      1%          5
e - Storm Form            Tmut/Air       37%        N/A       41%         7
s - Statue Form           Tmut/Erth      53%        N/A       5%          6
x - Iskenderun's Mystic   Conj/Tloc      84%        2d17      1%          4
z - Manifold Assault      Tloc           87%        N/A       1%          5

Your spell library contained the following spells:

 Spells                   Type           Power      Damage    Failure   Level
 Animate Skeleton         Necr           50%        N/A       1%          1
 Apportation              Tloc           100%       N/A       1%          1
 Beastly Appendage        Tmut           100%       N/A       1%          1
 Magic Dart               Conj           100%       1d8       1%          1
 Pain                     Necr           100%       1d9       1%          1
 Sting                    Tmut/Pois      100%       1d8       1%          1
 Summon Small Mammal      Summ           100%       N/A       1%          1
 Blink                    Tloc           100%       N/A       1%          2
 Corpse Rot               Necr/Air       98%        N/A       1%          2
 Poisonous Vapours        Pois/Air       98%        N/A       1%          2
 Static Discharge         Conj/Air       74%        N/A       1%          2
 Sublimation of Blood     Necr           25%        N/A       1%          2
 Wereblood                Tmut           85%        N/A       1%          2
 Dazzling Flash           Conj/Hex       100%       N/A       1%          3
 Lesser Beckoning         Tloc           87%        N/A       1%          3
 Portal Projectile        Hex/Tloc       100%       N/A       1%          3
 Spider Form              Tmut/Pois      62%        N/A       1%          3
 Fulminant Prism          Conj/Hex       30%        3d16      1%          4
 Hailstorm                Conj/Ice       60%        3d13      1%          4
 Ice Form                 Ice/Tmut       62%        N/A       1%          4
 Petrify                  Tmut/Erth      80%        N/A       1%          4
 Sticky Flame             Conj/Fire      60%        2d8       1%          4
 Iskenderun's Battlesphe  Conj           81%        2d13      1%          5
 Lee's Rapid Deconstruct  Erth           38%        3d20*     1%          5
 Lightning Bolt           Conj/Air       37%        1d55      1%          5
 Leda's Liquefaction      Hex/Erth       28%        N/A       2%          4
 Call Canine Familiar     Summ           25%        N/A       3%          3
 Inner Flame              Hex/Fire       25%        N/A       3%          3
 Summon Guardian Golem    Hex/Summ       25%        N/A       3%          3
 Tukima's Dance           Hex            25%        N/A       3%          3
 Vampiric Draining        Necr           25%        2d7       3%          3
 Summon Lightning Spire   Summ/Air       49%        N/A       3%          4
 Summon Forest            Summ/Tloc      31%        N/A       3%          5
 Alistair's Intoxication  Tmut/Pois      41%        N/A       4%          5
 Freezing Cloud           Conj/Ice/Air   31%        6-21      4%          5
 Yara's Violent Unravell  Hex/Tmut       31%        3d13      4%          5
 Anguish                  Hex/Necr       12%        N/A       10%         4
 Animate Dead             Necr           12%        N/A       10%         4
 Cause Fear               Hex            12%        N/A       10%         4
 Silence                  Hex/Air        24%        N/A       10%         5
 Eringya's Noxious Bog    Tmut/Pois      31%        N/A       22%         6
 Agony                    Necr           25%        N/A       28%         5
 Excruciating Wounds      Necr           12%        N/A       28%         5
 Simulacrum               Ice/Necr       12%        N/A       83%         6
 Enfeeble                 Hex            12%        N/A       100%        7
 Haunt                    Necr/Summ      12%        N/A       100%        7
 Infestation              Necr           12%        N/A       100%        8
 Maxwell's Capacitive Co  Air            32%        ∞         100%        8
 Fire Storm               Conj/Fire      30%        8d8       100%        9


Dungeon Overview and Level Annotations

Branches:
Dungeon (15/15)            Temple (1/1) D:4            Lair (6/6) D:10
 Shoals (4/4) Lair:4        Snake (4/4) Lair:4        Slime (0/5) Lair:6
    Orc (2/2) D:11            Elf (2/3) Orc:2        Vaults (3/5) D:14
 Depths (0/4) D:15        Desolation (visited)      Gauntlet (visited)
  Crypt: Vaults:2-3

Altars:
Ashenzari
Cheibriados
Elyvilon
Fedhas
Gozag
Hepliaklqana
Kikubaaqudgha
Makhleb
Nemelex Xobeh
Okawaru
Qazlal
Ru
Sif Muna
Trog
Uskayaw
Vehumet
Wu Jian
Xom
Yredelemnul
Zin
The Shining One
Beogh

Shops:
D:13 :   Orc:2 :*=(*   Elf:1 =   Snake:1 ::=   Snake:2 (?*([   Snake:4 [(
Vaults:1 [??:*

Annotations:
D:9 3 runed translucent doors, Zero's ghost, novice TrCK
D:14 3 runed translucent doors
Elf:2 3 runed translucent doors
Vaults:3 Mara


Innate Abilities, Weirdness & Mutations

You are a living statue of rough stone.
Your actions are slow, but your melee attacks are powerful.
You are resistant to unholy torment.
Your maximum health is greatly increased.
You are immune to poison.
Your equipment is partially melded.
You are too large for most types of armour.
You have claws for hands.
Your natural rate of healing is unusually fast.
((You are covered in fur. (AC +1)))
((You have tough skin. (AC +1)))


Message History

Unknown command.
Unknown command.
Unknown command.
You barely miss the red ugly thing.
The red ugly thing is severely wounded.
Morbidden's illusion hits you but does no damage.
Mara weaves an illusion.
Mara shimmers and seems to become two!
Unknown command.
Unknown command.
Unknown command.
You eviscerate the red ugly thing!!!!
You kill the red ugly thing!
Cheibriados thoroughly appreciates the change of pace.
Morbidden's illusion mumbles some strange words.
Morbidden's illusion erupts in a fountain of uncontrolled magic!
You are blasted with magical radiation.
You are very lightly contaminated with residual magic.
Mara hits you but does no damage.
Unknown command.
Unknown command.
Unknown command.
Unknown command.
You barely miss Morbidden's illusion.
Your surroundings suddenly seem different.
A death knight comes into view. It is wielding a +0 broad axe.
The death knight shouts!
The death knight offers itself to Yredelemnul, and fills with unholy energy.
Unknown command.
Unknown command.
Unknown command.
Unknown command.
The death knight hits you with a +0 broad axe!!
* * * LOW HITPOINT WARNING * * *
Unknown command.
You eviscerate the death knight!!!!
You kill the death knight!
Cheibriados appreciates the change of pace.
Your damage is reflected back at you!
You die...

#.........
#.........
'.........
########+#
#### ..#
#.# #.##
#8.# #)##
#.# ..#
###


There were no monsters in sight!

Vanquished Creatures
  Bai Suzhen (Vaults:2)
  Vashnia (Snake:2)
  Xtahua (Vaults:2)
  Jorgrun (D:15)
  Frances (Snake:2)
  3 sphinxes
  A kraken (Shoals:2)
  Polyphemus (Shoals:3)
  5 nagarajas
  Aizul (Shoals:2)
  5 vault wardens
  An imperial myrmidon (Desolation)
  7 ironbound preservers
  A war gargoyle (Vaults:1)
  A stone giant (D:15)
  3 very ugly things (Vaults:3)
  A vampire knight (D:14)
  Nessos (D:14)
  2 ironbound thunderhulks
  9 dire elephants
  3 halazid warlocks (Desolation)
  An entropy weaver (Vaults:1)
  4 minotaurs
  A bunyip (Lair:3)
  A crystal guardian (Desolation)
  6 merfolk impalers
  2 merfolk javelineers
  A deep elf high priest (Elf:1)
  2 ragged hierophants (Desolation)
  2 yaktaur captains
  6 hydras
  Fannar (Lair:2)
  3 great orbs of eyes
  An ogre mage (D:11)
  8 vault guards
  An ice dragon (D:14)
  5 salamander tyrants
  18 naga warriors
  10 servants of whispers (Desolation)
  4 boulder beetles
  11 peacekeepers
  4 ironbound frosthearts
  2 alligator snapping turtles
  3 alligators (Lair:2)
  6 catoblepae
  15 centaur warriors
  7 anacondas
  3 merfolk avatars
  11 satyrs (Shoals:4)
  A death knight (Vaults:3)
  A merfolk aquamancer (Shoals:1)
  15 death yaks
  6 two-headed ogres
  2 deep troll earth magi (D:14)
  18 dancing weapons
  5 tengu warriors
  13 naga sharpshooters
  Urug (Orc:2)
  3 orc high priests (Orc:2)
  13 deep elf knights
  7 shock serpents
  Sonja (Orc:1)
  3 salamander mystics
  Amaemon (D:9)
  3 skeletal warriors (D:14)
  A soul eater (Gauntlet)
  Lodul (D:10)
  11 sea snakes
  A fire crab (Lair:2)
  26 deep trolls
  A flayed ghost (Vaults:1)
  6 naga ritualists
  A glowing orange brain (Vaults:2)
  An orange crystal statue (Gauntlet)
  2 wizards (Vaults:1)
  Pikel (D:7)
  6 deep elf archers
  15 ironbound convokers
  A wolf spider (D:14)
  7 orc knights
  22 deep elf pyromancers
  9 harpies
  8 mana vipers
  9 cyclopes
  A necromancer (Vaults:2)
  10 ugly things
  24 deep elf zephyrmancers
  13 salamanders
  19 manticores
  6 fauns (Shoals:4)
  7 orc sorcerers
  3 merfolk sirens
  5 elephants (Lair:4)
  2 water nymphs
  15 naga magi
  8 vault sentinels
  An eye of devastation (shapeshifter) (D:15)
  A molten gargoyle (Desolation)
  27 black mambas
  5 guardian serpents
  A water nymph (shapeshifter) (Elf:1)
  A torpor snail (Lair:4)
  An orange demon (D:10)
  11 cane toads
  4 gargoyles
  A minotaur zombie (Gauntlet)
  A kobold demonologist (D:11)
  An efreet (D:15)
  10 komodo dragons
  2 freezing wraiths (D:14)
  6 yaktaurs
  3 rime drakes
  A yaktaur (shapeshifter) (D:14)
  A tengu conjurer (D:15)
  A meliai (shapeshifter) (D:14)
  4 meliai
  20 merfolk
  A queen bee (Lair:2)
  2 polar bears
  A wolf spider simulacrum (D:14)
  4 wind drakes
  25 slime creatures
  72 saltlings (Desolation)
  8 trolls
  16 blink frogs
  Prince Ribbit (D:6)
  13 dream sheep
  A tarantella (shapeshifter) (D:15)
  Grinder (D:3)
  9 snapping turtles
  4 air elementals
  A culicivora (shapeshifter) (D:14)
  6 wyverns
  2 vampires
  2 shadows
  A fire elemental (Elf:2)
  8 water elementals
  90 yaks
  9 basilisks
  A redback (Vaults:1)
  2 steam dragons
  A redback (shapeshifter) (D:14)
  Menkaure (D:4)
  14 vampire mosquitoes
  3 wargs
  65 nagas
  18 water moccasins
  2 acid dragons (D:14)
  Duvessa (D:5)
  4 black bears
  25 orc warriors
  12 ogres
  3 boggarts (Vaults:1)
  2 ice beasts
  47 wolves
  18 centaurs
  5 phantoms
  The ghost of Ijustatesigmund the Skirmisher, an amateur GrFi (D:6)
  2 kobold brigands (D:11)
  15 bullfrogs
  6 scorpions
  2 earth elementals
  8 wights
  Dowan (D:5)
  30 killer bees
  A vampire bat (D:14)
  6 electric eels
  8 howler monkeys
  5 jellies
  2 gnoll shamans
  19 orc priests
  3 hounds
  2 iguanas (D:5)
  22 orc wizards
  A hell rat (Lair:2)
  4 adders
  8 gnolls
  2 shadow imps (Gauntlet)
  2 white imps
  3 worms
  4 dart slugs
  61 orcs
  15 bats
  5 endoplasms
  6 giant cockroaches
  8 goblins
  9 hobgoblins
  2 jackals (D:2)
  A quokka (D:3)
  6 ball pythons
  2 frilled lizards (D:2)
  16 kobolds
  7 rats
  3 tentacles (Shoals:2)
1426 creatures vanquished.

Vanquished Creatures (collateral kills)
  Nikola (Shoals:1)
  A two-headed ogre (D:9)
  A naga mage (Snake:4)
3 creatures vanquished.

Vanquished Creatures (others)
  A satyr (Shoals:4)
  A salamander mystic (Snake:2)
  A manticore (Shoals:2)
  A merfolk (Shoals:4)
  An orc wizard (Orc:2)
  39 fungi
  95 plants
  6 tentacles (Shoals:2)
  4 withered plants (Desolation)
149 creatures vanquished.

Grand Total: 1578 creatures vanquished

Notes
Turn   | Place    | Note
-------+----------+-------------------------------------------
     0 | D:1      | Morbidden the Troll Conjurer began the quest for the Orb.
     0 | D:1      | Reached XP level 1. HP: 16/16 MP: 1/1
   105 | D:1      | Found a faded altar of an unknown god.
   161 | D:1      | Reached XP level 2. HP: 24/24 MP: 2/2
   567 | D:2      | Reached XP level 3. HP: 31/31 MP: 4/4
   922 | D:2      | Reached skill level 1 in Unarmed Combat
  1567 | D:3      | Noticed Grinder
  1576 | D:3      | Paralysed by Grinder for 7 turns
  1587 | D:3      | Reached XP level 4. HP: 17/40 MP: 5/5
  1602 | D:3      | Paralysed by Grinder for 6 turns
  1619 | D:3      | Killed Grinder
  1620 | D:3      | Reached skill level 1 in Fighting
  1620 | D:3      | Reached skill level 3 in Unarmed Combat
  1620 | D:3      | Reached XP level 5. HP: 39/48 MP: 0/6
  1693 | D:3      | Learned a level 2 spell: Searing Ray
  1987 | D:3      | Reached XP level 6. HP: 55/55 MP: 7/7
  2430 | D:4      | Noticed Menkaure
  2439 | D:4      | Killed Menkaure
  2604 | D:4      | Learned a level 5 spell: Irradiate
  2660 | D:4      | Found a staircase to the Ecumenical Temple.
  2677 | Temple   | Entered the Ecumenical Temple
  2840 | Temple   | Became a worshipper of Cheibriados the Contemplative
  3127 | D:4      | Reached skill level 4 in Unarmed Combat
  3127 | D:4      | Reached XP level 7. HP: 62/62 MP: 8/8
  3321 | D:5      | Entered Level 5 of the Dungeon
  3703 | D:5      | Reached skill level 1 in Invocations
  3881 | D:5      | Reached skill level 5 in Unarmed Combat
  3902 | D:5      | Reached skill level 1 in Transmutations
  3988 | D:5      | Reached XP level 8. HP: 72/72 MP: 2/10
  4166 | D:5      | Reached * piety under Cheibriados
  4228 | D:5      | Noticed Duvessa
  4230 | D:5      | Noticed Dowan
  4240 | D:5      | Killed Duvessa
  4243 | D:5      | Killed Dowan
  4501 | D:6      | Noticed Prince Ribbit
  4523 | D:6      | Killed Prince Ribbit
  4524 | D:6      | Reached skill level 6 in Unarmed Combat
  5058 | D:6      | Reached XP level 9. HP: 76/80 MP: 12/12
  5368 | D:6      | Found a runed translucent gate.
  5368 | D:6      | Found a runed translucent gate.
  5368 | D:6      | Found a runed translucent gate.
  5368 | D:6      | Noticed Ijustatesigmund's ghost (amateur GrFi)
  5372 | D:6      | Identified the +1 chain mail of the Flute {Stlth+}
  5882 | D:7      | Noticed Pikel
  5890 | D:7      | Killed Pikel
  6011 | D:7      | Found a burning altar of Makhleb.
  6157 | D:7      | Reached ** piety under Cheibriados
  6158 | D:7      | Reached skill level 7 in Unarmed Combat
  6160 | D:7      | Reached skill level 5 in Conjurations
  6425 | D:7      | Learned a level 5 spell: Manifold Assault
  7002 | D:8      | HP: 1/83 [steam dragon] (7)]
  7129 | D:8      | Reached skill level 1 in Translocations
  7129 | D:8      | Reached XP level 10. HP: 91/91 MP: 4/15
  7931 | D:8      | Reached skill level 8 in Unarmed Combat
  8400 | D:9      | Reached *** piety under Cheibriados
  8869 | D:9      | Found a runed translucent gate.
  8870 | D:9      | Found a runed translucent gate.
  8870 | D:9      | Noticed Zero's ghost (novice TrCK)
  8871 | D:9      | Found a runed translucent gate.
  8873 | D:9      | Noticed a nine-headed hydra
  8942 | D:9      | Noticed a two-headed ogre
  8956 | D:9      | Killed a two-headed ogre
  9258 | D:9      | Identified a scroll of acquirement
  9258 | D:9      | Acquired 249 gold pieces
  9451 | D:10     | Entered Level 10 of the Dungeon
  9484 | D:10     | Noticed an orange demon
  9493 | D:9      | Reached XP level 11. HP: 83/100 MP: 16/16
  9571 | D:9      | Reached skill level 5 in Dodging
  9728 | D:10     | Reached skill level 9 in Unarmed Combat
  9805 | D:10     | Noticed Lodul
  9805 | D:10     | Noticed a two-headed ogre
  9807 | D:10     | Noticed a two-headed ogre
  9810 | D:10     | Noticed a two-headed ogre
  9960 | D:6      | Killed Ijustatesigmund's ghost
  9961 | D:6      | Reached **** piety under Cheibriados
  9993 | D:6      | Identified the +2 hat of the Guild-Master {Int+6}
 10423 | D:10     | Found a staircase to the Lair.
 10504 | Lair:1   | Entered Level 1 of the Lair of Beasts
 11426 | Lair:1   | Reached skill level 10 in Unarmed Combat
 11872 | Lair:2   | Reached ***** piety under Cheibriados
 12174 | Lair:2   | Noticed a catoblepas
 12214 | Lair:2   | Noticed Fannar
 12227 | Lair:2   | Killed Fannar
 12228 | Lair:2   | Reached skill level 5 in Invocations
 12292 | Lair:2   | Killed a catoblepas
 12293 | Lair:2   | Reached skill level 5 in Spellcasting
 12293 | Lair:2   | Reached XP level 12. HP: 86/109 MP: 7/18
 12830 | Lair:2   | Learned a level 4 spell: Iskenderun's Mystic Blast
 13003 | Lair:2   | Reached skill level 11 in Unarmed Combat
 13008 | Lair:2   | Reached ****** piety under Cheibriados
 13247 | Lair:2   | Found the +10 morningstar "Eos" {elec, Halo rElec}
 13447 | Lair:2   | Noticed an alligator
 13447 | Lair:2   | Noticed a dire elephant
 13447 | Lair:2   | Noticed an alligator
 13447 | Lair:2   | Noticed an alligator
 13509 | Lair:3   | Reached skill level 5 in Fighting
 13813 | Lair:3   | Noticed an eight-headed hydra
 13947 | Lair:3   | Noticed a death yak
 13947 | Lair:3   | Noticed a death yak
 13947 | Lair:3   | Noticed a death yak
 13947 | Lair:3   | Noticed a death yak
 13947 | Lair:3   | Noticed a death yak
 13962 | Lair:3   | Killed a death yak
 13978 | Lair:3   | Killed a death yak
 13982 | Lair:3   | Killed a death yak
 13984 | Lair:3   | Killed a death yak
 13991 | Lair:3   | Killed a death yak
 14099 | Lair:3   | Noticed a seven-headed hydra
 14104 | Lair:3   | Noticed a bunyip
 14104 | Lair:3   | a seven-headed hydra changed into a bunyip
 14107 | Lair:3   | Killed a bunyip
 14108 | Lair:3   | Reached XP level 13. HP: 118/118 MP: 9/20
 14813 | Lair:4   | Reached skill level 12 in Unarmed Combat
 14856 | Lair:4   | Reached skill level 5 in Transmutations
 15016 | Lair:4   | Found a staircase to the Snake Pit.
 15514 | Lair:4   | Found a staircase to the Shoals.
 16235 | Lair:5   | You fall into a shaft and drop 1 floor!
 16235 | Lair:6   | Entered Level 6 of the Lair of Beasts
 16451 | Lair:5   | Reached skill level 13 in Unarmed Combat
 17464 | Lair:6   | Found a staircase to the Slime Pits.
 17586 | Lair:6   | Reached XP level 14. HP: 129/130 MP: 21/21
 18670 | Lair:6   | Identified the +4 rapier of the Terrible God {vorpal, rC+
                  | Will+ Str+4}
 19754 | D:10     | Killed Lodul
 19765 | D:10     | Noticed Amaemon
 20007 | D:9      | Killed Amaemon
 20343 | D:10     | Reached skill level 14 in Unarmed Combat
 21118 | D:11     | Found a gate leading to a gauntlet.
 21160 | Gauntlet | Entered a Gauntlet
 21160 | Gauntlet | Found a transporter.
 21160 | Gauntlet | Found a transporter.
 21173 | Gauntlet | Found a transporter.
 21173 | Gauntlet | Found a transporter.
 21182 | Gauntlet | Found a transporter.
 21184 | Gauntlet | Found a transporter.
 21195 | Gauntlet | Found a transporter.
 21210 | Gauntlet | Found a transporter.
 21227 | Gauntlet | Found a transporter.
 21230 | Gauntlet | Found a transporter.
 21242 | Gauntlet | Found a transporter.
 21243 | Gauntlet | Found a transporter.
 21461 | Gauntlet | Identified the amulet "Xenkoy" {Reflect rN+ Str+3 Int+4
                  | SH+5 Stlth+}
 21600 | Gauntlet | Identified the +5 glaive of Tension {protect, Dex+3}
 21681 | Gauntlet | Got the Volume of Bewitching Heat
 21681 | Gauntlet | Got the Handbook of Polytheism
 21683 | Gauntlet | Reached XP level 15. HP: 143/143 MP: 23/23
 21702 | D:11     | Found a staircase to the Orcish Mines.
 23553 | D:12     | Found a shimmering blue altar of Sif Muna.
 23633 | D:13     | Reached skill level 5 in Translocations
 23633 | D:13     | Reached XP level 16. HP: 146/152 MP: 9/24
 24462 | D:13     | Reached skill level 1 in Armour
 24580 | D:13     | Found Weoj's Book Shop.
 24839 | D:14     | Noticed Nessos
 24845 | D:14     | Killed Nessos
 24926 | D:14     | Found a gate to the Vaults.
 25381 | D:14     | Learned a level 6 spell: Statue Form
 25584 | D:14     | Found an iron altar of Okawaru.
 25668 | D:14     | Found a runed translucent gate.
 25668 | D:14     | Found a runed translucent gate.
 25668 | D:14     | Found a runed translucent gate.
 25671 | D:14     | Identified the ring of Wehi {Wiz rF+ rC+}
 25705 | D:14     | Reached skill level 1 in Shields
 25779 | D:14     | Reached skill level 1 in Earth Magic
 25845 | D:14     | Found a runed translucent gate.
 25845 | D:14     | Found a runed translucent gate.
 25845 | D:14     | Found a runed translucent gate.
 26242 | D:15     | Entered Level 15 of the Dungeon
 26346 | D:15     | Reached skill level 15 in Unarmed Combat
 26453 | D:15     | Found a basalt altar of Yredelemnul.
 27059 | D:15     | Noticed a sphinx
 27071 | D:15     | Killed a sphinx
 27519 | D:15     | Found a staircase to the Depths.
 27947 | D:15     | Noticed Jorgrun
 27953 | D:15     | Killed Jorgrun
 28238 | Orc:1    | Entered Level 1 of the Orcish Mines
 28257 | Orc:1    | Noticed Sonja
 28264 | Orc:1    | Killed Sonja
 28700 | Orc:1    | Paralysed by an orc sorcerer for 3 turns
 29206 | Orc:2    | Entered Level 2 of the Orcish Mines
 29216 | Orc:2    | Found Pomut's Book Boutique.
 29622 | Orc:2    | Found a staircase to the Elven Halls.
 29624 | Orc:2    | Noticed Urug
 29632 | Orc:2    | Killed Urug
 29778 | Orc:2    | Found Niroryq's General Store.
 29841 | Orc:2    | Found Kutaopp's Weapon Emporium.
 29854 | Orc:2    | Found Jeumiq's Jewellery Emporium.
 29856 | Orc:2    | Found Tephecra's General Store.
 29864 | Orc:2    | Bought 3 scrolls of teleportation for 144 gold pieces
 29864 | Orc:2    | Bought a potion of heal wounds for 80 gold pieces
 29868 | Orc:2    | Reached XP level 17. HP: 140/161 MP: 13/27
 30940 | Shoals:1 | Entered Level 1 of the Shoals
 31224 | Shoals:1 | Reached skill level 1 in Throwing
 31723 | Shoals:1 | Noticed Nikola
 31730 | Shoals:1 | Killed Nikola
 33479 | Shoals:2 | Noticed a kraken
 33485 | Shoals:2 | Noticed Aizul
 33494 | Shoals:2 | Killed Aizul
 33496 | Shoals:2 | Killed a kraken
 33948 | Shoals:3 | Noticed Polyphemus
 33957 | Shoals:3 | Killed Polyphemus
 34983 | Shoals:4 | Entered Level 4 of the Shoals
 35739 | Shoals:4 | Identified the ring "Niurch" {EV+4 Str-4 Int+4}
 36296 | Shoals:4 | Identified the ring of Awe {EV+4 SInv}
 36365 | Shoals:4 | Paralysed by a sphinx for 7 turns
 36434 | Shoals:4 | Got a barnacled rune of Zot
 36464 | Shoals:4 | Got Ylifail's Guide on Igneous Envenoming
 36819 | Snake:1  | Entered Level 1 of the Snake Pit
 36884 | Snake:1  | Reached XP level 18. HP: 151/172 MP: 12/29
 37596 | Snake:1  | Found a shimmering blue altar of Sif Muna.
 37905 | Snake:1  | Reached skill level 16 in Unarmed Combat
 38314 | Snake:1  | Found Fasheiny's Book Shop.
 38315 | Snake:1  | Found Nonoiri's Jewellery Emporium.
 38317 | Snake:1  | Found Uwivvor's Book Shop.
 38339 | Snake:1  | Bought a book of Storms for 480 gold pieces
 38339 | Snake:1  | Bought a book of the Sky for 660 gold pieces
 38347 | Snake:1  | Learned a level 7 spell: Storm Form
 38352 | Snake:1  | Learned a level 4 spell: Airstrike
 38479 | Snake:2  | Noticed Vashnia
 38665 | Snake:2  | Found Esio's Assorted Antiques.
 38667 | Snake:2  | Found Wokegg's Antique Armour Shoppe.
 38667 | Snake:2  | Found Matui's Magic Scroll Emporium.
 38672 | Snake:2  | Found Jeuqeos's Weapon Shoppe.
 38705 | Snake:2  | Bought a slimy marble ring for 120 gold pieces
 38705 | Snake:2  | Identified the ring "Quhuoj" {rPois rC+ rN+ MP+9} (You
                  | bought it in a shop on level 2 of the Snake Pit)
 38711 | Snake:2  | Bought a scroll of teleportation for 72 gold pieces
 38711 | Snake:2  | Bought a scroll of acquirement for 1248 gold pieces
 38713 | Snake:2  | Acquired an amulet of regeneration
 38743 | Snake:2  | Noticed Frances
 38752 | Snake:2  | Killed Frances
 38921 | Snake:2  | Acquired 918 gold pieces
 38992 | Snake:2  | Reached skill level 1 in Air Magic
 39186 | Snake:2  | Found Qoixtus's Antique Weapon Shoppe.
 39201 | Snake:2  | Killed Vashnia
 39883 | Snake:2  | Reached skill level 5 in Earth Magic
 42305 | Snake:4  | Entered Level 4 of the Snake Pit
 42964 | Snake:4  | Reached XP level 19. HP: 124/182 MP: 3/31
 43445 | Snake:4  | Got a serpentine rune of Zot
 43645 | Snake:4  | Found Guatteuczy's Antique Armour Shop.
 43873 | Snake:4  | Found Erchor's Weapon Shoppe.
 44232 | Elf:1    | Entered Level 1 of the Elven Halls
 44638 | Elf:1    | Reached skill level 10 in Fighting
 44638 | Elf:1    | Reached skill level 10 in Dodging
 45372 | Elf:1    | Paralysed by an air elemental for 1 turns
 45870 | Elf:1    | Found Riarph's Jewellery Shop.
 46548 | Elf:2    | Found a radiant altar of Vehumet.
 46762 | Elf:2    | Paralysed by an air elemental for 1 turns
 46766 | Elf:2    | Paralysed by an air elemental for 1 turns
 47058 | Elf:2    | Found a runed translucent gate.
 47058 | Elf:2    | Found a runed translucent gate.
 47058 | Elf:2    | Found a runed translucent gate.
 47660 | D:14     | Reached skill level 10 in Spellcasting
 47780 | Vaults:1 | Entered Level 1 of the Vaults
 47893 | Vaults:1 | Found a crumbling gateway.
 47909 | Desolati | Entered the Desolation of Salt
 48076 | Desolati | Reached XP level 20. HP: 192/192 MP: 33/33
 48139 | Desolati | Reached skill level 17 in Unarmed Combat
 48145 | Desolati | Identified the ring of the Hart {Fly rF+++ Str+5 Int-3
                  | Dex-5}
 48161 | Desolati | Found the +9 staff of Olgreb {rPois∞}
 48171 | Desolati | Identified the +7 whip of Fuocuk {freeze, Fragile rC+
                  | Str+3}
 48174 | Desolati | Identified the +6 shortbow of Joyful Slaughter {vorpal,
                  | *Corrode rN+ Str+2 Dex+4}
 48207 | Desolati | Identified the +0 robe of Baze {-Tele rElec Dex+9}
 48219 | Desolati | Identified the ring of Sutollic {rN+ Will++ Str-5 Dex+2
                  | Stlth+}
 48251 | Desolati | Got the Incunabulum of the Damaging Birds
 48255 | Desolati | Got Ysuobas's Reference Book on Malediction
 48773 | Desolati | Got the Disquisition on Calling and Evil Secrets
 48858 | Desolati | Found the +7 great mace "Firestarter" {inner flame, rF++}
 49385 | Vaults:1 | Found Cogeasui's Assorted Antiques.
 49777 | Vaults:1 | Found Gacuyr's Armour Emporium.
 50110 | Vaults:1 | Found Cekhlo Oppime's Magic Scroll Boutique.
 50418 | Vaults:1 | Found Gahatz's Book Shoppe.
 50507 | Vaults:1 | Found Uvaygyed's Magic Scroll Boutique.
 50782 | Vaults:2 | Reached skill level 10 in Invocations
 50854 | Vaults:2 | Found the +7 great mace "Undeadhunter" {disrupt, rN+}
 50858 | Vaults:2 | Noticed Bai Suzhen
 50866 | Vaults:2 | Killed Bai Suzhen
 51575 | Vaults:2 | Noticed Xtahua
 51584 | Vaults:2 | Killed Xtahua
 52263 | Vaults:3 | Reached skill level 5 in Air Magic
 52263 | Vaults:3 | Reached XP level 21. HP: 186/201 MP: 13/34
 52265 | Vaults:3 | Noticed Mara
 52267 | Vaults:3 | Noticed Morbidden's illusion
 52313 | Vaults:3 | Noticed Morbidden's illusion
 52318 | Vaults:3 | Killed by mirror damage

Illustrated notes

Levels and vault maps discovered:
D:1:      shiori_shiawase, layout_rooms, hellmonk_ecumenical_altar_arch_garden,
          minmay_tetromino_o4
D:2:      layout_basic, minmay_quadrilaterals
D:3:      layout_rooms, uniq_grinder
D:4:      layout_basic, minmay_temple_entry_statues_fountains, uniq_menkaure
D:5:      layout_loops_cross, roderic_serpentine_path, uniq_duvessa
D:6:      layout_gridville, biasface_ghost_orc_armoury, uniq_prince_ribbit1
D:7:      layout_loops_corners, lemuel_round_altar, corexii_leaking_fountain,
          st_stairs_4, amethyst_killhole, uniq_pikel
D:8:      layout_layer_cave, fungi_pond_lemuel, lemuel_flamethrower_2
D:9:      layout_gridville, gammafunk_ghost_hydra_chop
D:10:     layout_layer_cave, lair_entry_dummy, serial_co_window_serial,
          co_window_corner_a, co_window_paths_b, co_window_paths_a,
          co_window_paths_a, co_window_cross_1, co_window_of_opportunity_a,
          co_window_corner_a, co_window_of_opportunity_a, co_window_paths_a,
          co_window_of_opportunity_c, co_window_corner_cb, co_window_broadway_c,
          co_window_cross_4, co_window_4corner_b, glass_columns_a,
          glass_columns_b, glass_columns_c, glass_columns_c, glass_columns_a,
          minmay_misc_feat_more_columns, minmay_misc_feat_columns,
          onia_ninara_dug_in_and_dangerous, uniq_lodul, uniq_amaemon
D:11:     minmay_clustersquares, layout_rooms, david_orc_2,
          gauntlet_entry_generic, chequers_garden, chequers_serial_rivers_room_a
D:12:     layout_roguey, tgw_sif
D:13:     layout_rooms, serial_shops, nicolae_shop_hallway_plus,
          patterned_corridor
D:14:     kennysheep_treasure_stockpile, layout_loops_cross,
          lightli_vaults_fourway_checkpoint, okawaru_metal_pillars_1_2,
          roderic_batcave, uniq_nessos
D:15:     grunt_enter_depths_snipers, layout_rooms,
          hangedman_abyss_or_decor_passed, yredelemnul_altar_generic,
          uniq_jorgrun
Temple:   mainiacjoe_temple_hex_bubbles
Lair:1:   layout_small_grid
Lair:2:   layout_hall_layers, special_room [special_room_bee],
          nicolae_lair_lakeside_cave, uniq_fannar
Lair:3:   layout_roguey, special_room, grunt_forest_stairs_basic,
          grunt_forest_large_clearings
Lair:4:   layout_small_grid, minmay_shoals_entry_lonely_mermaid,
          minmay_snake_entry_six_corridors, pond
Lair:5:   layout_cave_pods, dreamdust_gnoll_shepherd, infiniplex_staircase_pool,
          lemuel_fruit_tree
Lair:6:   evilmike_catoblepas_cave, layout_cave_pods,
          minmay_slime_entry_pillars, hangedman_lair_unloving_vines
Shoals:1: layout_shoals, uniq_nikola
Shoals:2: layout_shoals, uniq_aizul
Shoals:3: layout_shoals, uniq_polyphemus
Shoals:4: shoals_end_hellmonk_lost_city, serial_shops
Snake:1:  layout_misc_corridors, basic_altar, minmay_shop_grove,
          serial_bayou_shore_a
Snake:2:  layout_chambers, serial_shops, nicolae_shop_stone, minmay_shoptagon,
          uniq_vashnia, uniq_frances
Snake:3:  layout_chambers
Snake:4:  minmay_snake_end_coiled, layout_gridlike, serial_shops, shop,
          nicolae_shop_trees
Orc:1:    layout_caves, nicolae_orc_crystal_geode, uniq_sonja
Orc:2:    st_orc_elflike, layout_diamond_mine, serial_shops,
          nicolae_square_shop, uniq_urug
Elf:1:    eino_elf_arrival_the_gate, layout_loops_corners, serial_shops,
          nicolae_shop_stone, hangedman_elven_crosses_minicolossus
Elf:2:    elven_hall_of_blades_hangedman_original [nicolae_blade_lattice],
          layout_rooms, basic_altar
Vaults:1: portal_desolation_entry_nicolae_slug, ontoclasm_vaults_pinch,
          v_misc_22, ontoclasm_vaults_shuriken, vaults_dpeg_ring,
          nicolae_vaults_gold_heap, vaults_room_ringed_pool, vaults_room_boxed,
          hangedman_vaults_nails, grunt_vaults_focal, v_misc_23,
          hangedman_vaults_stagger, nicolae_vaults_little_squares_4,
          nicolae_vaults_little_squares_3, nicolae_vaults_theta,
          layout_vaults_omnicross, serial_shops, shop_fountains, shop,
          nicolae_diamond_shop, nicolae_shop_waterfront, shop, serial_glass
Vaults:2: nicolae_vaults_little_squares_1, vaults_mumra_hexcomb, v_misc_3,
          vaults_room_hallway, nicolae_vaults_ring_of_whatevers,
          layout_vaults_omnigrid, uniq_bai_suzhen, uniq_xtahua
Vaults:3: nicolae_vaults_puzzle_piece, hangedman_vaults_restitches,
          nicolae_vaults_statue_guard, nicolae_vaults_circle_grid_b,
          blue_anna_dwarven_crypt, v_pattern_3, nicolae_vaults_sealed_display,
          vaults_standard_mumra_lines, nicolae_vaults_network_star,
          vaults_room_pool, vaults_room_door_ring, layout_vaults_ring,
          serial_shops, nicolae_diamond_shop, uniq_mara

Skill      XL: |  1  2  3  4  5  6  7  8  9 10 11 12 13 14 15 16 17 18 19 20 |
---------------+-------------------------------------------------------------+-----
Conjurations   | 3 4 5 6 7 8 |  8.5
Dodging        | 2 3 4 5 6 7 8 9 10 | 10.9
Unarmed Combat | 1 3 4 5 6 7 8 10 11 13 14 15 16 17 | 17.8
Fighting       | 1 2 3 4 5 6 8 9 10 | 10.9
Spellcasting   | 2 4 5 6 7 8 9 10 | 10.8
Invocations    | 1 2 4 5 6 7 8 9 10 | 10.2
Transmutations | 1 2 3 4 5 6 7 8 9 |  9.2
Translocations | 1 2 3 4 5 6 7 8 9 |  9.7
Stealth        | 2 3 |  3.4
Armour         | 1 2 |  2.8
Shields        | 1 2 |  2.0
Earth Magic    | 2 4 5 6 7 |  7.2
Throwing       | 1 |  1.4
Air Magic      | 2 4 5 |  5.1
Evocations     | |  0.3

Action                   |  1- 3 |  4- 6 |  7- 9 | 10-12 | 13-15 | 16-18 | 19-21 || total
-------------------------+-------+-------+-------+-------+-------+-------+-------++-------
Melee: Unarmed           |   124 |   117 |   195 |   435 |   554 |  1234 |   699 ||  3358
       Punch             |       |     1 |     8 |    32 |    43 |    78 |    59 ||   221
Throw: Javelin           |     1 |     2 |     1 |       |       |    68 |    16 ||    88
       Dart              |       |       |       |     4 |       |     9 |       ||    13
       Boomerang         |       |       |       |       |       |    13 |    17 ||    30
 Cast: Magic Dart        |     7 |     7 |   104 |   140 |    71 |       |       ||   329
       Searing Ray       |       |     1 |    17 |    24 |     5 |       |       ||    47
       Irradiate         |       |       |       |    14 |    40 |    24 |     7 ||    85
       Manifold Assault  |       |       |       |     1 |    25 |   347 |   141 ||   514
       Iskenderun's Myst |       |       |       |    15 |    30 |    12 |    10 ||    67
       Statue Form       |       |       |       |       |       |    44 |    43 ||    87
       Airstrike         |       |       |       |       |       |    43 |    99 ||   142
Invok: Slouch            |       |       |       |     2 |     2 |    10 |     6 ||    20
       Bend Time         |       |       |       |       |     1 |       |       ||     1
Evoke: Wand              |       |       |     2 |     5 |       |     1 |       ||     8
       Lightning rod     |       |       |       |       |     3 |     7 |       ||    10
       Box of beasts     |       |       |       |       |     1 |     1 |     1 ||     3
  Use: Potion            |     1 |     2 |     1 |     2 |     4 |     4 |     1 ||    15
       Scroll            |       |       |     6 |    17 |    15 |     6 |     8 ||    52
 Stab: Sleeping          |     1 |       |       |     1 |    13 |    13 |     6 ||    34
       Distracted        |       |       |       |     1 |     1 |     2 |     1 ||     5
Armor: Robe              |    62 |    34 |    62 |   113 |   123 |       |       ||   394
       Troll leather arm |       |       |       |       |    23 |   192 |    38 ||   253
       Skin              |       |       |       |       |       |   216 |   201 ||   417
Dodge: Dodged            |    72 |    65 |   156 |   497 |   551 |  1001 |   524 ||  2866
Block: Other             |       |       |       |       |    39 |   254 |   121 ||   414
       Reflection        |       |       |       |       |     2 |    34 |    11 ||    47

Table legend: (Time is in decaauts)
 A = Elapsed time spent in this place.
 B = Non-inter-level travel time spent in this place.
 C = Inter-level travel time spent in this place.
 D = Time resting spent in this place.
 E = Time spent auto-exploring this place.
 F = Levels seen in this place.
 G = Mean time per level.
                   A        B        C        D        E       F      G
               +--------+--------+--------+--------+--------+-----+--------+
         Total |  76478 |  71262 |   5216 |   6520 |  52511 |  39 | 1961.0 |
       Dungeon |  26236 |  23231 |   3005 |   2522 |  16909 |  15 | 1749.1 |
        Temple |    193 |    164 |     29 |      0 |    152 |   1 |  193.0 |
          Lair |  14167 |  13274 |    893 |   1413 |   9741 |   6 | 2361.2 |
        Shoals |   7934 |   7662 |    272 |   1219 |   5133 |   4 | 1983.5 |
     Snake Pit |  11193 |  10908 |    285 |    610 |   8719 |   4 | 2798.2 |
  Orcish Mines |   4080 |   3648 |    432 |     29 |   2999 |   2 | 2040.0 |
   Elven Halls |   4295 |   4197 |     98 |    236 |   3356 |   2 | 2147.5 |
        Vaults |   5248 |   5049 |    199 |     10 |   4130 |   3 | 1749.3 |
    Desolation |   2377 |   2377 |      0 |    249 |   1237 |   1 | 2377.0 |
      Gauntlet |    749 |    749 |      0 |    230 |    132 |   1 |  749.0 |
               +--------+--------+--------+--------+--------+-----+--------+

Top non-repeatable levels by time:
   Elf:1: 3269 daAuts
 Snake:3: 3194 daAuts
  Lair:2: 3147 daAuts
 Snake:2: 3143 daAuts
    D:10: 3129 daAuts
    D:14: 2688 daAuts
 Snake:4: 2580 daAuts
   Orc:2: 2555 daAuts
     D:9: 2530 daAuts
  Lair:6: 2507 daAuts
Vaults:1: 2500 daAuts
    D:15: 2493 daAuts
Desolation: 2377 daAuts
Vaults:2: 2333 daAuts
 Snake:1: 2275 daAuts
